 Dungeon Crawl Stone Soup version 0.18.1-48-g4cf74bf (webtiles) character file.

11 Pfil the Caller (level 2, 0/15 HPs)
             Began as a Tengu Summoner on June 26, 2016.
             Hit by a goblin thrown by Robin (2 damage)
             ... on level 2 of the Dungeon on June 29, 2016.
             The game lasted 00:08:16 (1133 turns).

Pfil the Caller (Tengu Summoner)                    Turns: 1133, Time: 00:08:17

Health: 0/15       AC:  2    Str:  8    XL:     2   Next: 29%
Magic:  4/6        EV: 12    Int: 15    God:
Gold:   31         SH:  0    Dex: 14    Spells: 1 memorised, 4 levels left

rFire  . . .     SeeInvis .     g - +0 hunting sling
rCold  . . .     Gourm    .     h - +0 robe
rNeg   . . .     Faith    .     (no shield)
rPois  .         Spirit   .     a - +0 hat
rElec  .         Dismiss  .     (no cloak)
rCorr  .         Reflect  .     (no gloves)
SustAt .         Harm     .     (boots unavailable)
MR     .....                    (no amulet)
Stlth  ++........               (no ring)
                                (no ring)

@: not resistant to hostile enchantments, unstealthy
A: beak, talons 3
a: no special abilities


You were on level 2 of the Dungeon.
You were not hungry.

You visited 1 branch of the dungeon, and saw 2 of its levels.

You collected 31 gold pieces.

Inventory:

Hand Weapons
 g - a +0 hunting sling (weapon)
Missiles
 i - 7 arrows
Armour
 a - a +0 hat (worn)
 h - a +0 robe (worn)
Jewellery
 j - a +3 ring of dexterity {unknown}
Scrolls
 d - a scroll of remove curse {unknown}
 e - 3 scrolls of identify {unknown}
 k - a scroll of recharging {unknown}
Potions
 l - a potion of lignification {unknown}
Books
 b - a book of Callings

   Spells                             Type                      Level
   a - Summon Small Mammal            Summoning                    1
   b - Call Imp                       Summoning                    2
   c - Call Canine Familiar           Summoning                    3
   d - Summon Guardian Golem          Hexes/Summoning              3
   e - Summon Lightning Spire         Summoning/Air                4
   f - Summon Ice Beast               Ice/Summoning                4
Comestibles
 c - 4 bread rations
 f - 2 beef jerkies


   Skills:
 + Level 2.1 Dodging
 + Level 2.0 Stealth
 + Level 2.2 Spellcasting
 + Level 5.2 Summonings


You had 4 spell levels left.
You knew the following spells:

 Your Spells              Type           Power        Failure   Level  Hunger
a - Summon Small Mammal   Summ           ###.         2%          1    #......


Dungeon Overview and Level Annotations

Branches:
Dungeon (2/15)

Altars:

Annotations:
D:2 Robin


Innate Abilities, Weirdness & Mutations

You have a beak for a mouth.
You have claws for feet.


Message History

Your bat closely misses the goblin.
The goblin hits you.
* * * LOW HITPOINT WARNING * * *
The goblin barely misses you.
Your bat hits the hobgoblin but does no damage.
The goblin closely misses you.
Robin roars a battlecry!
The goblins go into a battle-frenzy!
The goblin hits you but does no damage.
The goblin no longer looks unusually strong.
Your bat hits the goblin. Your bat misses the goblin.
The hobgoblin barely misses your bat.
Your rat misses the goblin. Robin hits your rat with a falchion.
Your rat dies!
Your rat's corpse disappears in a puff of smoke!
The goblin no longer looks unusually strong.
The goblin misses you.
Your bat closely misses the goblin.
Your rat closely misses the goblin.
The goblin barely misses your bat.
Robin says, "My goblins will feast on your bones."
Robin throws the goblin at you!
You die...

...
#.#...##.########.#
...#.######.# .
###.#.....##.#
.......##.##.#
##......)##.#
#g.g....##.#
#.%g.g.r##.#
#....bg.##.#
#...@gg.'..#
#..g.g..####
#.......# #.......#
+.......# #.......#
..###+#### ##. #


You could see Robin, a hobgoblin, 7 goblins, a friendly bat and a friendly rat.

Vanquished Creatures (collateral kills)
  A dart slug (D:1)
  A giant gecko (D:1)
  A bat (D:1)
  5 goblins
  A hobgoblin (D:1)
  2 ball pythons (D:1)
  3 kobolds
  A rat (D:1)
15 creatures vanquished.

Notes
Turn   | Place    | Note
--------------------------------------------------------------
     0 | D:1      | Pfil the Tengu Summoner began the quest for the Orb.
     0 | D:1      | Reached XP level 1. HP: 10/10 MP: 4/4
   439 | D:1      | Reached skill level 5 in Summonings
   561 | D:1      | Reached XP level 2. HP: 15/15 MP: 0/6
  1117 | D:2      | Noticed Robin
  1133 | D:2      | Hit by a goblin thrown by Robin

Skill      XL: |  1 |
---------------+----+-----
Summonings     | 5 |  5.2
Dodging        | |  2.1
Stealth        | |  2.0
Spellcasting   | |  2.2

Action                   || total
-------------------------++-------
 Cast: Summon Small Mamm ||    29
  Eat: Chunk             ||     1
Armor: Robe              ||     7
Dodge: Dodged            ||    26
